 Dungeon Crawl Stone Soup version 0.31.0-4-g52a2dc7128 (webtiles) character file.

Game seed: 10801055066183888472

18 croobank the Ruffian (level 2, 0/23 HPs)
             Began as a Gnoll Shapeshifter on Jan 21, 2024.
             Slain by a ribbon worm (5 damage)
             ... on level 2 of the Dungeon.
             The game lasted 00:01:25 (671 turns).

croobank the Ruffian (Gnoll Shapeshifter)            Turns: 671, Time: 00:01:26

Health: 0/23       AC:  2    Str: 13    XL:     2   Next: 66%
Magic:  2/2        EV:  7    Int:  9    God:
Gold:   46         SH:  0    Dex: 11    Spells: 2/2 levels left

rFire   . . .        f - +0 dagger
rCold   . . .        (no shield)
rNeg    . . .        a - +0 animal skin
rPois   .            (helmet currently unavailable)
rElec   .            (cloak currently unavailable)
rCorr   .            (gloves currently unavailable)
SInv    .            (boots currently unavailable)
Will    .....        g - amulet of magic regeneration
Stlth   +            (no ring)
HPRegen 0.23/turn    (no ring)
MPRegen 0.48/turn

%: no passive effects
@: beast-form, attractive, held, slowed, very slow
A: beast (slay +3), fangs 1, strong nose, distributed training
a: Begin Untransformation


You were on level 2 of the Dungeon.
You were a hulking beast.
You visited 1 branch of the dungeon, and saw 2 of its levels.

You collected 46 gold pieces.

Inventory:

Hand Weapons
 f - a +0 dagger (weapon)
Armour
 a - a +0 animal skin (worn)
Jewellery
 g - an amulet of magic regeneration (around neck)
Talismans
 c - a beast talisman
 d - a flux talisman
Wands
 n - a wand of mindburst (17)
Scrolls
 l - a scroll of vulnerability {unknown}
 m - a scroll of acquirement {unknown}
Potions
 b - a potion of lignification
 i - a potion of haste {unknown}
 j - a potion of curing {unknown}
 k - a potion of invisibility {unknown}


   Skills:
 + Level 2.5 Fighting
 + Level 0.5 Short Blades
 + Level 0.5 Long Blades
 + Level 0.5 Axes
 + Level 0.5 Maces & Flails
 + Level 0.5 Polearms
 + Level 0.5 Staves
 + Level 0.5 Ranged Weapons
 + Level 0.5 Throwing
 + Level 0.5 Armour
 + Level 4.5 Dodging
 + Level 0.5 Stealth
 + Level 0.5 Shields
 + Level 6.5 Unarmed Combat
 + Level 0.5 Spellcasting
 + Level 0.3 Conjurations
 + Level 0.3 Hexes
 + Level 0.3 Summonings
 + Level 0.3 Necromancy
 + Level 0.3 Translocations
 + Level 0.3 Fire Magic
 + Level 0.3 Ice Magic
 + Level 0.3 Air Magic
 + Level 0.3 Earth Magic
 + Level 0.3 Alchemy
 + Level 0.6 Invocations
 + Level 0.5 Evocations
 + Level 6.4 Shapeshifting


You had 2 spell levels left.
You didn't know any spells.
Your spell library was empty.

Dungeon Overview and Level Annotations

Branches:
Dungeon (2/15)

Altars:

Annotations:
D:2 Natasha


Innate Abilities, Weirdness & Mutations

You are a hulking beast.
Your limbs bulge with bestial killing power. (Slay +3)
You have very sharp teeth.
Your uncanny sense of smell can sniff out nearby items.
Your experience applies equally to all skills.


Message History

Natasha hisses angrily.
A jackal comes into view.
Found a stone staircase leading down.
The jackal barks!
You hear a shout!
You hit Natasha.
Natasha is lightly wounded.
Natasha closely misses you.
You closely miss Natasha.
Natasha is lightly wounded.
Natasha closely misses you.
You hit Natasha. Your bite misses Natasha.
Natasha is moderately wounded.
Natasha claws you!
A jackal comes into view.
The ribbon worm barely misses you. The jackal misses you.
You closely miss Natasha.
Natasha is moderately wounded.
Natasha claws you but does no damage. The ribbon worm bites you.
The jackal bites you.
* * * LOW HITPOINT WARNING * * *
As you read the scroll labelled WAESEF CIAL, it crumbles to dust.
You hear a loud clanging noise!
It was a scroll of noise.
The jackal barks!
You hear a shout! x3; You hear an angry hiss.
You hear a shout! x3
Natasha casts a spell at you.
You feel yourself slow down. The jackal misses you.
The jackal closely misses you.
The ribbon worm expels a string of sticky webbing.
The stream of webbing hits you but does no damage.
You are caught in a web!
It was a potion of attraction.
You feel attractive to monsters. The jackal bites you.
* * * LOW HITPOINT WARNING * * *
The jackal bites you.
* * * LOW HITPOINT WARNING * * *
Natasha misses you. The jackal barely misses you.
The jackal closely misses you. The ribbon worm bites you.
You die...

....... .......
>...... ..#....
....#...
.........##
........wh#
..........h#####
.......###hh.).#..
.....[.....:#h....
.................
#..............#
##...<........##
#...[.##.#...#
#.....##.###...
#........# ...


You could see a ribbon worm (catching breath), Natasha and 3 jackals.

Vanquished Creatures
  2 ball pythons (D:1)
  A hobgoblin (D:1)
  2 quokkas (D:1)
  5 bats (D:1)
  3 frilled lizards
  3 goblins (D:1)
  2 kobolds (D:1)
  A rat (D:1)
19 creatures vanquished.

Notes
Turn   | Place    | Note
-------+----------+-------------------------------------------
     0 | D:1      | croobank the Gnoll Shapeshifter began the quest for the
                  | Orb.
     0 | D:1      | Reached XP level 1. HP: 17/17 MP: 1/1
   194 | D:1      | Reached XP level 2. HP: 23/23 MP: 2/2
   662 | D:2      | Noticed Natasha
   671 | D:2      | Slain by a ribbon worm

Illustrated notes

Levels and vault maps discovered:
D:1:      giann_forest_graveyard, layout_basic
D:2:      layout_basic, basic_altar, minmay_hedge_maze, uniq_jessica,
          uniq_natasha

Action                     || total
---------------------------++-------
  Melee: Unarmed           ||    13
         Dagger            ||    45
         Punch             ||     3
         Bite              ||     2
    Use: Scroll            ||     1
         Potion            ||     1
 Armour: Animal skin       ||    30
  Dodge: Dodged            ||    57
